 Dungeon Crawl Stone Soup version 0.18-a0-1220-g2dc6208 (webtiles) character file.

305 Murumi the Shield-Bearer (level 6, -1/48 HPs)
             Began as a Formicid Fighter on Feb 3, 2016.
             Slain by an orc warrior
             ... wielding a +0 glaive
              (19 damage)
             ... on level 4 of the Dungeon.
             The game lasted 00:19:22 (3303 turns).

Murumi the Shield-Bearer (Formicid Fighter)         Turns: 3303, Time: 00:19:22

Health: -1/48      AC: 12    Str: 28    XL:     6   Next: 67%
Magic:  6/6        EV:  8    Int:  7    God:
Gold:   239        SH: 10    Dex: 10    Spells: 0 memorised, 5 levels left

rFire  . . .     SeeInvis +     a - +0 long sword
rCold  . . .     Gourm    .     g - +0 chain mail
rNeg   . . .     Faith    .     c - +0 shield
rPois  .         Spirit   .     (helmet unavailable)
rElec  .         Dismiss  .     b - +0 cloak {+Inv}
rCorr  .         Reflect  .     e - +1 pair of gloves
SustAt .         Harm     .     (no boots)
MR     .....                    (no amulet)
Stlth  ..........               (no ring)
                                o - ring of wizardry

@: mighty, not resistant to hostile enchantments, extremely unstealthy
A: permanent stasis, dig shafts and tunnels, four strong arms, antennae 3
a: Dig, Shaft Self, Evoke Invisibility


You were on level 4 of the Dungeon.
You were not hungry.

You visited 1 branch of the dungeon, and saw 4 of its levels.

You collected 239 gold pieces.

Inventory:

Hand Weapons
 a - a +0 long sword (weapon)
Missiles
 i - 35 bolts
Armour
 b - a +0 cloak of invisibility (worn)
 c - a +0 shield (worn)
 e - a +1 pair of gloves (worn)
 g - a +0 chain mail (worn)
Jewellery
 o - a ring of wizardry (left hand)
Potions
 d - 2 potions of might
 h - 2 potions of cancellation
 m - a potion of curing
 p - a potion of haste {unknown}
Comestibles
 f - 4 bread rations
 k - 5 meat rations


   Skills:
 - Level 4.1 Fighting
 - Level 4.1 Long Blades
 - Level 4.0 Armour
 + Level 2.0 Dodging
 - Level 5.1 Shields


You had 5 spell levels left.
You didn't know any spells.

Dungeon Overview and Level Annotations

Branches:
Dungeon (4/15)
 Temple: D:4-7

Altars:


Innate Abilities, Weirdness & Mutations

You are under a permanent stasis effect.
You can dig through walls and to a lower floor.
Your four strong arms can wield two-handed weapons with a shield.
You have a pair of large antennae on your head (SInv).


Message History

The orc warrior hits you but does no damage.
You barely miss the orc warrior. The orc warrior hits you with a glaive!
You extend your mandibles.
You dig through the rock wall.
You block the orc warrior's attack.
You dig through the rock wall.
You dig through the rock wall.
You retract your mandibles.
You barely miss the orc warrior. You block the orc warrior's attack.
You barely miss the orc warrior. The orc warrior hits you with a glaive.
* * * LOW HITPOINT WARNING * * *
You are too injured to fight recklessly!
Drink which item? (? for menu, Esc to quit)
You feel much better. The orc warrior hits you with a glaive!
You hit the orc warrior.
The orc warrior is lightly wounded.
The orc warrior hits you with a glaive!
You closely miss the orc warrior.
The orc warrior is lightly wounded.
The orc warrior hits you with a glaive!!
You die...

### ###### #@##
#....# ##o#
#.##.####{########
#.##....)..o.o.{..
#.#######....###.#
#...# #.#..# ###.#
#.#..# #.# #.#..#
{ #.
#######.#####.#...
8.


You could see an orc warrior.

Vanquished Creatures
  A scorpion (D:4)
  An orc priest (D:3)
  Crazy Yiuf (D:3)
  Jessica (D:2)
  An orc wizard (D:3)
  A hound skeleton (D:4)
  Robin (D:2)
  2 adders
  An ooze (D:1)
  2 worms (D:2)
  9 orcs
  A ball python (D:3)
  5 giant cockroaches
  19 goblins
  11 hobgoblins
  6 jackals
  A quokka (D:2)
  5 bats
  2 giant newts
  7 kobolds
  4 rats
82 creatures vanquished.

Notes
Turn   | Place    | Note
--------------------------------------------------------------
     0 | D:1      | Murumi the Formicid Fighter began the quest for the Orb.
     0 | D:1      | Reached XP level 1. HP: 18/18 MP: 1/1
    96 | D:1      | Reached skill level 4 in Shields
   113 | D:1      | Reached XP level 2. HP: 22/24 MP: 2/2
   211 | D:1      | Reached skill level 1 in Dodging
   363 | D:1      | Reached XP level 3. HP: 29/29 MP: 3/3
   867 | D:2      | Noticed Jessica
   875 | D:2      | Killed Jessica
   875 | D:2      | Reached XP level 4. HP: 20/37 MP: 4/4
  1488 | D:2      | Noticed Robin
  1495 | D:2      | Killed Robin
  1495 | D:2      | Reached XP level 5. HP: 37/42 MP: 5/5
  2807 | D:3      | Noticed Crazy Yiuf
  2815 | D:3      | Killed Crazy Yiuf
  2815 | D:3      | Reached XP level 6. HP: 11/48 MP: 1/6
  3192 | D:4      | Reached skill level 5 in Shields
  3289 | D:4      | Noticed an orc warrior
  3303 | D:4      | Slain by an orc warrior

Vault maps used:
D:1:      minmay_arrival_radiant_lines, corexii_item_surrounded_by_moat,
          minmay_misc_feat_room
D:2:      kennysheep_goblin_castle, first_bread, grunt_ministairs_11,
          uniq_jessica
D:3:      uniq_crazy_yiuf_cottage, uniq_robin
D:4:      kennysheep_ying_yang, nicolae_ossuary_entry_monument

Action                   |  1- 3 |  4- 6 || total
-------------------------+-------+-------++-------
Melee: Long sword        |    75 |   225 ||   300
 Abil: Dig               |       |     4 ||     4
  Use: Scroll            |     4 |     8 ||    12
       Potion            |       |     3 ||     3
  Eat: Chunk             |       |     7 ||     7
       Beef jerky        |       |     1 ||     1
